 Dungeon Crawl Stone Soup version 0.28-a0-1406-ga8dd43b1d0 (webtiles) character file.

Game seed: 3992570740378508902

63 Lekart the Skirmisher (level 3, -2/34 HPs)
             Began as a Draconian Fighter on Jan 6, 2022.
             Slain by a gnoll (10 damage)
             ... on level 2 of the Dungeon.
             The game lasted 00:01:27 (1887 turns).

Lekart the Skirmisher (Draconian Fighter)           Turns: 1887, Time: 00:01:28

Health: -2/34      AC:  5    Str: 18    XL:     3   Next: 89%
Magic:  3/3        EV: 12    Int:  8    God:
Gold:   60         SH:  4    Dex: 12    Spells: 2/2 levels left

rFire   . . .      SeeInvis .   a - +0 long sword
rCold   . . .      Faith    .   b - +0 buckler
rNeg    . . .      Spirit   .   (armour unavailable)
rPois   .          Reflect  .   (helmet restricted)
rElec   .          Harm     .   (no cloak)
rCorr   .          Rampage  .   (no gloves)
Will    .....                   (no boots)
Stlth   +.........              (no amulet)
HPRegen 0.11/turn               (no ring)
MPRegen 0.08/turn               (no ring)

@: no status effects
A: AC +5, unfitting armour, cold-blooded
a: no special abilities


You were on level 2 of the Dungeon.
You visited 1 branch of the dungeon, and saw 2 of its levels.

You collected 60 gold pieces.

Inventory:

Hand Weapons
 a - a +0 long sword (weapon)
Armour
 b - a +0 buckler (worn)
Jewellery
 e - a ring of fire
Scrolls
 d - a scroll of enchant weapon {unknown}
Potions
 c - a potion of might
 f - a potion of haste {unknown}


   Skills:
 * Level 4.6 Fighting
 + Level 2.8 Long Blades
 - Level 2.6 Dodging
 + Level 0.6 Stealth
 - Level 3.0 Shields


You had 2 spell levels left.
You didn't know any spells.
Your spell library contained the following spells:

 Spells                   Type           Power      Damage    Failure   Level
 Ozocubu's Armour         Ice            0%         N/A       86%         3
 Metabolic Englaciation   Hex/Ice        0%         N/A       100%        5
 Simulacrum               Ice/Necr       0%         N/A       100%        6


Dungeon Overview and Level Annotations

Branches:
Dungeon (2/15)

Altars:


Innate Abilities, Weirdness & Mutations

Your plain brown scales are hard. (AC +5)
You cannot fit into any form of body armour.
You are cold-blooded and may be slowed by cold attacks.


Message History

You hit the hobgoblin but do no damage. You block the hobgoblin's attack.
You closely miss the hobgoblin.
The hobgoblin hits you but does no damage.
You slash the hobgoblin!
You kill the hobgoblin!
No target in view!
A ball python comes into view.
There are monsters nearby!
There are monsters nearby!
You block the gnoll's attack.
You completely miss the gnoll. The gnoll completely misses you.
You barely miss the gnoll. The gnoll hits you but does no damage.
You hit the gnoll but do no damage.
You tail-slap the gnoll, but do no damage.
The gnoll barely misses you. The gnoll closely misses you.
You barely miss the gnoll. The gnoll completely misses you.
You hit the gnoll.
Your tail-slap misses the gnoll.
The gnoll is lightly wounded.
The gnoll barely misses you.
You barely miss the gnoll. You tail-slap the gnoll.
The gnoll is moderately wounded.
The gnoll barely misses you.
You hit the gnoll but do no damage.
Your tail-slap misses the gnoll.
The gnoll is moderately wounded.
The gnoll hits you with a +0 flail! The gnoll barely misses you.
You hit the gnoll but do no damage.
The gnoll is moderately wounded.
The gnoll hits you with a +0 flail.
You barely miss the gnoll.
Your tail-slap misses the gnoll.
The gnoll is moderately wounded.
The gnoll completely misses you.
Unknown command.
You barely miss the gnoll.
The gnoll is moderately wounded.
The gnoll hits you with a +0 flail! The gnoll hits you with a +0 flail.
* * * LOW HITPOINT WARNING * * *
You are too injured to fight recklessly!
You are too injured to fight recklessly!
The gnoll hits you with a +0 flail!
You die...

#.#########+#.## #.# #.#.# #.#
#.#.# #.# ##.#.### ## S
#.########..#.#.. .###.#
#.............#.##.....
#..###...###..#.....#### #
#..# #...# #..#รท)....... ###
##.###...###()@.<# #.S
#............#g.# #.#
#...........###.# ##########.#
#...............###...JSJ.r.g#
#.###...###.......#J##########
#... #.....#.#....# # #..
#.....#.####.# ...
........#...S#.### ###
#.......####.....#


You could see a gnoll.

Vanquished Creatures
  2 gnolls (D:1)
  A worm (D:2)
  7 endoplasms
  3 giant cockroaches (D:1)
  3 goblins
  3 hobgoblins
  6 ball pythons
  4 bats (D:1)
  5 frilled lizards (D:1)
  2 kobolds
  5 rats (D:1)
41 creatures vanquished.

Notes
Turn   | Place    | Note
-------+----------+-------------------------------------------
     0 | D:1      | Lekart the Draconian Fighter began the quest for the Orb.
     0 | D:1      | Reached XP level 1. HP: 19/19 MP: 1/1
   257 | D:1      | Reached XP level 2. HP: 19/27 MP: 2/2
   503 | D:1      | Reached skill level 4 in Fighting
   911 | D:1      | Reached XP level 3. HP: 27/33 MP: 3/3
  1887 | D:2      | Slain by a gnoll

Illustrated notes

Levels and vault maps discovered:
D:1:      dpeg_arrival_round_b, layout_basic
D:2:      layout_basic, minmay_misc_feat_cross, st_stairs_12,
          uniq_crazy_yiuf_cottage

Skill      XL: |  1  2 |
---------------+-------+-----
Fighting       | 4 |  4.6
Long Blades    | |  2.8
Dodging        | |  2.6
Stealth        | |  0.6
Shields        | |  3.0

Action                   || total
-------------------------++-------
Melee: Long sword        ||   133
       Tailslap          ||    15
 Stab: Sleeping          ||     1
Armor: Skin              ||    59
Dodge: Dodged            ||   109
Block: Buckler           ||    33

Table legend: (Time is in decaauts)
 A = Elapsed time spent in this place.
 B = Non-inter-level travel time spent in this place.
 C = Inter-level travel time spent in this place.
 D = Time resting spent in this place.
 E = Time spent auto-exploring this place.
 F = Levels seen in this place.
 G = Mean time per level.
                   A        B        C        D        E       F      G
               +--------+--------+--------+--------+--------+-----+--------+
         Total |   1943 |   1917 |     26 |    564 |   1013 |   2 |  971.5 |
       Dungeon |   1943 |   1917 |     26 |    564 |   1013 |   2 |  971.5 |
               +--------+--------+--------+--------+--------+-----+--------+

Top non-repeatable levels by time:
     D:1: 1721 daAuts
     D:2: 222 daAuts
